 Dungeon Crawl Stone Soup version 0.19.1 (webtiles) character file.

5544 Dfrag the Thaumaturge (level 10, -5/75 HPs)
             Began as a Naga Conjurer on Nov 30, 2016.
             Was an Initiate of Makhleb.
             Slain by a hippogriff (8 damage)
             ... on level 9 of the Dungeon.
             The game lasted 00:12:10 (7232 turns).

Dfrag the Thaumaturge (Naga Conjurer)               Turns: 7232, Time: 00:12:11

Health: -5/75      AC:  7    Str: 10    XL:     10   Next: 71%
Magic:  24/32      EV: 10    Int: 22    God:    Makhleb [......]
Gold:   414        SH:  0    Dex: 15    Spells: 3 memorised, 24 levels left

rFire  . . .     SeeInvis +     t - +2 dagger (venom)
rCold  . . .     Gourm    .     a - +0 robe
rNeg   . . .     Faith    .     (no shield)
rPois  +         Spirit   .     (helmet restricted)
rElec  .         Reflect  .     I - +0 cloak {MR+}
rCorr  .         Harm     .     (no gloves)
MR     ++...                    (no barding)
Stlth  ++........               M - amulet of rage
                                G - +4 ring of intelligence
                                g - ring of magical power

@: very slow
A: beak, yellow scales 1, see invisible, agile 1, deformed body, low mp 1,
poison resistance, slowness 2, slow metabolism 1, spit poison 1, wild magic 1,
no device heal 1, AC +3
a: Spit Poison, Renounce Religion, Evoke Berserk Rage


You were on level 9 of the Dungeon.
You worshipped Makhleb.
Makhleb was noncommittal.
You were hungry.

You visited 2 branches of the dungeon, and saw 10 of its levels.

You collected 414 gold pieces.

Inventory:

Hand Weapons
 t - a +2 dagger of venom (weapon)
 E - a +0 mace
 U - a +0 scimitar of flaming
Armour
 a - a +0 robe (worn)
 I - a +0 cloak of magic resistance (worn)
Jewellery
 g - a ring of magical power (left hand)
 l - an uncursed ring of fire
 v - a +2 ring of dexterity
 x - a +2 ring of strength
 G - a +4 ring of intelligence (right hand)
 M - an amulet of rage (around neck)
Wands
 r - a wand of iceblast (7/15)
 H - a wand of flame (1/48)
 K - a wand of paralysis (10/24)
 L - a wand of paralysis (6/24)
 P - a wand of lightning (5/15)
 T - a wand of acid (8/15)
Scrolls
 d - 3 scrolls of amnesia
 e - 3 scrolls of enchant armour
 j - 2 scrolls of fog
 m - 2 scrolls of magic mapping
 n - 2 scrolls of holy word
 o - 2 scrolls of immolation
 y - a scroll of teleportation
 B - a scroll of recharging
 J - 2 scrolls of remove curse
 Q - a scroll of identify
Potions
 f - 2 potions of flight {unknown}
 h - 7 potions of curing
 p - 4 potions of magic {unknown}
 s - a potion of cancellation {unknown}
 u - 3 potions of agility {unknown}
 w - a potion of lignification {unknown}
 z - 2 potions of brilliance {unknown}
 A - a potion of cure mutation {unknown}
 C - a potion of haste {unknown}
 D - a potion of invisibility {unknown}
 F - a potion of might {unknown}
 O - 2 potions of heal wounds {unknown}
Books
 b - a book of Conjurations

   Spells                             Type                      Level
   a - Magic Dart                     Conjuration                  1
   b - Searing Ray                    Conjuration                  2
   c - Dazzling Spray                 Conjuration/Hexes            3
   d - Fulminant Prism                Conjuration/Hexes            4
   e - Iskenderun's Mystic Blast      Conjuration                  4
   f - Iskenderun's Battlesphere      Conjuration/Charms           5
 k - a book of Debilitation

   Spells                             Type                      Level
   a - Corona                         Hexes                        1
   b - Slow                           Hexes                        2
   c - Gell's Gravitas                Hexes/Translocation          3
   d - Inner Flame                    Hexes/Fire                   3
   e - Cause Fear                     Hexes                        4
   f - Leda's Liquefaction            Hexes/Earth                  4
Comestibles
 c - 8 bread rations
 i - a meat ration
 q - 3 beef jerkies
 N - a royal jelly
 R - 7 slices of pizza
 S - 5 fruits


   Skills:
 - Level 1.5 Dodging
 - Level 3.0 Stealth
 * Level 11.7 Spellcasting
 + Level 9.9 Conjurations


You had 24 spell levels left.
You knew the following spells:

 Your Spells              Type           Power        Failure   Level  Hunger
a - Magic Dart            Conj           ####         1%          1    None
b - Searing Ray           Conj           ######       1%          2    None
c - Iskenderun's Battles  Conj/Chrm      #####...     28%         5    ####...


Dungeon Overview and Level Annotations

Branches:
Dungeon (9/15)             Temple (1/1) D:5
   Lair: D:8-11         Orc: D:9-12

Altars:
Ashenzari
Cheibriados
Dithmenos
Elyvilon
Fedhas
Gozag
Hepliaklqana
Kikubaaqudgha
Makhleb
Nemelex Xobeh
Okawaru
Qazlal
Ru
Sif Muna
Trog
Uskayaw
Vehumet
Xom
Yredelemnul
Zin
The Shining One


Innate Abilities, Weirdness & Mutations

You cannot wear boots.
Your serpentine skin is tough. (AC +3)
You have supernaturally acute eyesight. (SInv)
Armour fits poorly on your strangely shaped body.
Your system is resistant to poisons. (rPois)
You cover ground very slowly.
You have a slow metabolism.
You can spit poison.
You have a beak for a mouth.
You are partially covered in yellow scales. (AC +2)
You are agile. (Dex +2)
Your magical capacity is low. (-10% MP)
Your spells are a little harder to cast, but a little more powerful.
Potions and wands are less effective at restoring your health.


Message History

Casting: Searing Ray
Confirm with . or Enter, or press ? or * to list all spells.
Aiming: Searing Ray
Press: ? - help, Shift-Dir - straight line, f/p - wyvern zombie
Aim: a wyvern zombie (severely damaged)
The searing ray hits the wyvern zombie.
The wyvern zombie is almost destroyed.
The wyvern zombie bites you. The hippogriff bites you!
* * * LOW HITPOINT WARNING * * *
The hippogriff pecks you but does no damage.
The hippogriff claws you.
* * * LOW HITPOINT WARNING * * *
The wyvern zombie bites you!
* * * LOW HITPOINT WARNING * * *
Okay, then.
The searing ray hits the wyvern zombie.
You destroy the wyvern zombie!
Makhleb accepts your kill. The hippogriff bites you!
You die...

#########
#..@....#
#...H...#
#.......+
#.......#
#.......#
#$......#
#####+###


You could see a hippogriff.

Vanquished Creatures
  Erica (D:8)
  Pikel (D:5)
  Maurice (D:8)
  The ghost of emerson the Magician, a novice DEFE (D:5)
  Sigmund (D:3)
  2 yaks (D:7)
  A human (D:7)
  2 hogs (D:7)
  A water moccasin (D:7)
  An orc warrior (D:6)
  3 sky beasts
  2 slaves (D:5)
  A necrophage (D:6)
  2 phantoms
  2 ogres (D:5)
  3 centaurs
  4 bullfrogs
  A wyvern zombie (D:9)
  A scorpion (D:5)
  4 wights
  8 howler monkeys
  4 crimson imps
  3 bullfrog zombies
  4 hounds
  A jelly (D:5)
  Crazy Yiuf (D:5)
  An orc priest (D:8)
  2 iguanas
  4 orc wizards
  8 worker ants
  A killer bee zombie (D:7)
  A hound skeleton (D:3)
  A worker ant zombie (D:7)
  3 gnolls (D:7)
  6 adders
  An ooze (D:6)
  An adder skeleton (D:6)
  4 worms
  A dart slug (D:1)
  5 leopard geckos
  24 orcs
  2 ball pythons
  4 giant cockroaches
  4 goblins
  3 hobgoblins
  2 jackals (D:1)
  8 kobolds
  4 quokkas
  7 bats
  7 frilled lizards
  2 rats (D:1)
162 creatures vanquished.

Vanquished Creatures (others)
  An adder (D:5)
1 creature vanquished.

Grand Total: 163 creatures vanquished

Notes
Turn   | Place    | Note
-------+----------+-------------------------------------------
     0 | D:1      | Dfrag the Naga Conjurer began the quest for the Orb.
     0 | D:1      | Reached XP level 1. HP: 15/15 MP: 3/3
    93 | D:1      | Reached XP level 2. HP: 22/22 MP: 1/5
   106 | D:1      | Learned a level 2 spell: Searing Ray
   600 | D:1      | Reached skill level 3 in Spellcasting
   604 | D:1      | Reached XP level 3. HP: 28/28 MP: 3/7
  1552 | D:3      | Found a sparkling altar of Nemelex Xobeh.
  1557 | D:3      | Reached XP level 4. HP: 36/36 MP: 5/9
  1560 | D:3      | Noticed Sigmund
  1599 | D:3      | Killed Sigmund
  1599 | D:3      | Reached skill level 4 in Spellcasting
  1599 | D:3      | Reached skill level 5 in Conjurations
  1599 | D:3      | Reached XP level 5. HP: 34/42 MP: 3/12
  1637 | D:3      | Reached XP level 6. HP: 30/49 MP: 1/13
  2202 | D:4      | Reached skill level 5 in Spellcasting
  2561 | D:4      | Noticed a phantom
  2576 | D:4      | Killed a phantom
  2576 | D:4      | Reached XP level 7. HP: 55/55 MP: 12/15
  2589 | D:4      | Reached skill level 6 in Spellcasting
  2955 | D:4      | Found a shadowy altar of Dithmenos.
  2955 | D:4      | Found an opulent altar of Gozag.
  3025 | D:5      | Entered Level 5 of the Dungeon
  3029 | D:5      | Found a staircase to the Ecumenical Temple.
  3083 | Temple   | Entered the Ecumenical Temple
  3262 | D:5      | Noticed emerson's ghost (novice DEFE)
  3269 | D:5      | Killed emerson's ghost
  3269 | D:5      | Reached skill level 7 in Spellcasting
  3269 | D:5      | Reached XP level 8. HP: 45/62 MP: 19/19
  3315 | D:5      | Noticed Pikel
  3335 | D:5      | Killed Pikel
  3335 | D:5      | Reached skill level 8 in Spellcasting
  3759 | D:5      | Reached XP level 9. HP: 68/68 MP: 21/21
  3855 | D:5      | Found a runed door.
  3859 | D:5      | Noticed Crazy Yiuf
  3866 | D:5      | Killed Crazy Yiuf
  4111 | D:6      | Learned a level 5 spell: Iskenderun's Battlesphere
  4240 | D:6      | Reached skill level 9 in Spellcasting
  4246 | D:6      | Gained mutation: You are partially covered in yellow scales. (AC +2) [mutagenic meat]
  4247 | D:6      | Gained mutation: You have a beak for a mouth. [mutagenic meat]
  4248 | D:6      | Gained mutation: Potions and wands are less effective at restoring your health. [mutagenic meat]
  4249 | D:6      | Gained mutation: You are agile. (Dex +2) [mutagenic meat]
  4250 | D:6      | Gained mutation: Your magical capacity is low. (-10% MP) [mutagenic meat]
  4251 | D:6      | Gained mutation: Your spells are a little harder to cast, but a little more powerful. [mutagenic meat]
  5862 | D:7      | Reached skill level 10 in Spellcasting
  5919 | D:7      | Reached XP level 10. HP: 47/75 MP: 13/22
  6404 | D:8      | Noticed Erica
  6465 | D:7      | Reached skill level 11 in Spellcasting
  6819 | D:8      | Noticed Maurice
  6839 | D:8      | Killed Maurice
  6943 | D:8      | Killed Erica
  7129 | D:8      | Found a burning altar of Makhleb.
  7133 | D:8      | Found a radiant altar of Vehumet.
  7139 | D:8      | Became a worshipper of Makhleb the Destroyer
  7231 | D:9      | HP: 2/75 [wyvern zombie (9)]
  7232 | D:9      | Slain by a hippogriff

Skill      XL: |  1  2  3  4  5  6  7  8  9 10 |
---------------+-------------------------------+-----
Spellcasting   | 3 4 5 7 8 10 11 | 11.7
Conjurations   | 5 6 7 9 |  9.9
Dodging        | |  1.5
Stealth        | |  3.0

Action                   |  1- 3 |  4- 6 |  7- 9 | 10-12 || total
-------------------------+-------+-------+-------+-------++-------
Melee: Unarmed           |    22 |     9 |       |       ||    31
       Dagger            |       |     4 |    33 |     1 ||    38
       Peck              |       |       |     2 |       ||     2
 Cast: Magic Dart        |    36 |    18 |    39 |    29 ||   122
       Searing Ray       |     2 |    13 |    59 |    31 ||   105
       Iskenderun's Batt |       |       |       |     1 ||     1
 Abil: Spit Poison       |    32 |     9 |     9 |     2 ||    52
  Use: Scroll            |       |       |     9 |     4 ||    13
 Stab: Sleeping          |       |       |     1 |     1 ||     2
  Eat: Chunk             |     3 |     4 |    15 |     3 ||    25
Armor: Robe              |     6 |     8 |    18 |    13 ||    45
Dodge: Dodged            |    17 |    14 |    63 |    30 ||   124
